 Dungeon Sprint DCSS version 0.17.2-1-ge4368a0 (webtiles) character file.

1103 mopl the Unseen (level 8, -9/39 HPs)
             Began as a Spriggan Assassin on Aug 22, 2016.
             Was a Priest of Trog.
             Mangled by a two-headed ogre
             ... wielding a +0 giant club
              (17 damage)
             ... in the Dungeon (Sprint III: "The Ten Rune Challenge").
             The game lasted 00:01:56 (340 turns).

mopl the Unseen (Spriggan Assassin)                  Turns: 340, Time: 00:01:57

Health: -9/39      AC:  5    Str:  7    XL:     8   Next: 10%
Magic:  9/9        EV: 17    Int: 13    God:    Trog [***...]
Gold:   29         SH:  2    Dex: 21    Spells: 0 memorised, 7 levels left

rFire  . . .     SeeInvis +     a - +2 dagger
rCold  . . .     Clarity  .     c - +0 robe
rNeg   . . .     SustAt   .     (shield restricted)
rPois  .         Gourm    .     (helmet restricted)
rElec  .         Spirit   .     d - +0 cloak
rCorr  .         Warding  .     (gloves unavailable)
rMut   .         NoTele   +     (boots unavailable)
MR     +....                    (no amulet)
Stlth  +++++++...               (no ring)
                                (no ring)

@: very quick, somewhat resistant to hostile enchantments, extremely stealthy
A: unfitting armour, large bone plates 1, see invisible, agile 1, herbivore 3,
speed 3, mutation resistance 1, slow metabolism 2, wild magic 1
a: Berserk, Trog's Hand, Burn Spellbooks, Renounce Religion


You were in the Dungeon.
You worshipped Trog.
Trog was most pleased with you.
You were not hungry.

You visited 1 branch You collected 29 gold pieces.

Inventory:

Hand Weapons
 a - a +2 dagger (weapon)
 b - a +0 blowgun
 x - a +0 long sword of holy wrath
Missiles
 e - 8 poisoned needles
 f - 2 curare-tipped needles
Armour
 c - a +0 robe (worn)
 d - a +0 cloak (worn)
Wands
 n - a wand of confusion (40)
 z - a wand of random effects (11)
Scrolls
 m - a scroll of blinking
 p - 4 scrolls of immolation {unknown}
 q - 3 scrolls of identify
 r - a scroll of enchant armour {unknown}
 v - a scroll of enchant weapon {unknown}
Potions
 h - 2 potions of curing
 i - 2 potions of heal wounds
 j - a potion of haste
 k - 2 potions of magic
 l - a potion of berserk rage {!q}
 o - a potion of might
 t - 3 potions of cure mutation {!q}
 u - 2 potions of cancellation {unknown}
 w - a potion of degeneration {unknown}
Miscellaneous
 y - an ornate deck of war
Comestibles
 g - 2 bread rations
 s - 3 royal jellies


   Skills:
 + Level 2.8 Fighting
 + Level 3.7 Short Blades
 * Level 13.8 Throwing
 - Level 1.5 Dodging
 + Level 15.5 Stealth


You had 7 spell levels left.
You didn't know any spells.

Dungeon Overview and Level Annotations

Branches:
Dungeon (1/1)

Altars:
Cheibriados
Dithmenos
Elyvilon
Fedhas
Gozag
Kikubaaqudgha
Makhleb
Nemelex Xobeh
Okawaru
Qazlal
Ru
Sif Muna
Trog
Vehumet
Xom
Yredelemnul
Zin
The Shining One
Jiyva
Lugonu


Innate Abilities, Weirdness & Mutations

You are tiny and cannot use many weapons and most armour.
You have supernaturally acute eyesight.
You are a herbivore.
You cover ground extremely quickly.
You need consume almost no food.
You are partially covered in large bone plates (AC +2, SH +2).
You are agile. (Dex +2)
You are somewhat resistant to further mutation.
Your spells are a little harder to cast, but a little more powerful.


Message History

Aim: a two-headed ogre, wielding two giant clubs (moderately wounded)
The bolt of fire hits the two-headed ogre.
The two-headed ogre is severely wounded.
Evoking this partially-identified wand wasted a few charges.
Unknown command.
You hit the two-headed ogre.
The two-headed ogre is almost dead.
The two-headed ogre closely misses you. You block the two-headed ogre's attack.
You hit the two-headed ogre.
The two-headed ogre is almost dead.
The two-headed ogre hits you with a giant club!
The two-headed ogre barely misses you.
You hit the two-headed ogre.
The two-headed ogre is almost dead.
You hit the two-headed ogre but do no damage.
The two-headed ogre is almost dead.
The two-headed ogre hits you with a giant club!
* * * LOW HITPOINT WARNING * * *
The two-headed ogre hits you with a giant club!
You die...

▓▓▓▓▓▓▓▓▓ ▓▓▓ ..'.....♣♣
♣.############ ..#......♣
♣♣.#___#__[#__# ###.....♣♣
..#...#..)#._# ..#....≈♣
♣♣.###'#'###'## ..#...≈≈♣♣
♣..#..........#
.[#..≈≈≈≈♣♣♣♣.'.@O.......#
#'#..≈≈≈≈≈≈.♣.#...######'#
..#.≈≈≈≈≈≈....#.⌠.#__#...#+# ##
# †.#.≈≈≈≈≈.....#...#__#...#..
.#O#
..#.≈≈≈.......#'###__#...##.#O.#
###...........#.))#__#...'##.#
..............#___#_.'...#...#
▓▓▓▓▓▓▓▓▓▓▓▓▓▓▓▓▓▓▓▓▓▓▓▓▓▓▓▓▓▓


You could see a two-headed ogre.

Vanquished Creatures
  A deep elf priest (D)
  A shadow (D)
  A spatial vortex (D)
  A necrophage (D)
  A water elemental (D)
  A jelly (D)
  A wizard (D)
  A wolf (D)
  Jessica (D)
  A necromancer (D)
  3 humans (D)
  A kobold demonologist (D)
  An ooze (D)
  2 rats (D)
17 creatures vanquished.

Vanquished Creatures (others)
  2 draconian scorchers (D)
  A fire drake (D)
  2 yaktaurs (D)
  2 plants (D)
7 creatures vanquished.

Grand Total: 24 creatures vanquished

Notes
Turn   | Place    | Note
--------------------------------------------------------------
     0 | D        | mopl the Spriggan Assassin began the quest for the Orb.
     0 | D        | Reached XP level 1. HP: 10/10 MP: 2/2
     4 | D        | Reached skill level 3 in Throwing
     4 | D        | Reached skill level 6 in Stealth
    11 | D        | Noticed Jessica
    15 | D        | Killed Jessica
    15 | D        | Reached skill level 5 in Throwing
    15 | D        | Reached skill level 8 in Stealth
    15 | D        | Reached XP level 2. HP: 14/14 MP: 3/3
    15 | D        | Reached XP level 3. HP: 18/18 MP: 4/4
    38 | D        | Reached skill level 6 in Throwing
    40 | D        | Noticed a wolf
    60 | D        | Killed a wolf
    60 | D        | Reached skill level 7 in Throwing
    60 | D        | Reached skill level 9 in Stealth
    60 | D        | Reached XP level 4. HP: 22/22 MP: 5/5
    92 | D        | Gained mutation: Your spells are a little easier to cast, but a little less powerful. [potion of mutation]
    92 | D        | Lost mutation: Your spells are a little easier to cast, but a little less powerful. [potion of mutation]
    92 | D        | Gained mutation: Your spells are a little harder to cast, but a little more powerful. [potion of mutation]
    93 | D        | Gained mutation: You are agile. (Dex +2) [potion of mutation]
    93 | D        | Gained mutation: You are partially covered in large bone plates (AC +2, SH +2). [potion of mutation]
    93 | D        | Gained mutation: You are somewhat resistant to further mutation. [potion of mutation]
   106 | D        | Noticed a water elemental
   109 | D        | Killed a water elemental
   109 | D        | Reached skill level 8 in Throwing
   109 | D        | Reached skill level 10 in Stealth
   115 | D        | Found an iron altar of Okawaru.
   116 | D        | Found a bloodstained altar of Trog.
   116 | D        | Noticed a human
   116 | D        | Noticed a human
   118 | D        | Killed a human
   118 | D        | Reached skill level 10 in Throwing
   118 | D        | Reached skill level 12 in Stealth
   118 | D        | Reached XP level 5. HP: 25/25 MP: 6/6
   119 | D        | Killed a human
   119 | D        | Reached skill level 11 in Throwing
   119 | D        | Reached skill level 13 in Stealth
   119 | D        | Reached XP level 6. HP: 30/30 MP: 7/7
   125 | D        | Became a worshipper of Trog the Wrathful
   131 | D        | Found a glowing silver altar of Zin.
   132 | D        | Found a glowing golden altar of the Shining One.
   132 | D        | Found a white marble altar of Elyvilon.
   132 | D        | Noticed a deep elf priest
   141 | D        | Killed a deep elf priest
   141 | D        | Reached skill level 12 in Throwing
   141 | D        | Reached skill level 14 in Stealth
   141 | D        | Reached XP level 7. HP: 32/33 MP: 8/8
   165 | D        | Killed a yaktaur
   185 | D        | Killed a fire drake
   217 | D        | Killed a yaktaur
   234 | D        | Found a basalt altar of Yredelemnul.
   234 | D        | Found a snail-covered altar of Cheibriados.
   234 | D        | Found a blossoming altar of Fedhas.
   234 | D        | Noticed a necrophage
   234 | D        | Noticed a necromancer
   236 | D        | Killed a necrophage
   236 | D        | Reached skill level 13 in Throwing
   237 | D        | Killed a necromancer
   237 | D        | Reached * piety under Trog
   253 | D        | Found a radiant altar of Vehumet.
   254 | D        | Found a deep blue altar of Sif Muna.
   254 | D        | Found an ancient bone altar of Kikubaaqudgha.
   254 | D        | Noticed a wizard
   255 | D        | Killed a wizard
   255 | D        | Reached skill level 15 in Stealth
   257 | D        | Reached ** piety under Trog
   259 | D        | Reached *** piety under Trog
   283 | D        | Noticed a jelly
   284 | D        | Noticed a shadow
   286 | D        | Killed a shadow
   286 | D        | Reached skill level 2 in Fighting
   286 | D        | Reached skill level 3 in Short Blades
   290 | D        | Killed a jelly
   295 | D        | Found a stormy altar of Qazlal.
   296 | D        | Found a sacrificial altar of Ru.
   296 | D        | Found a burning altar of Makhleb.
   296 | D        | Found a viscous altar of Jiyva.
   296 | D        | Found a shimmering altar of Xom.
   296 | D        | Found a shadowy altar of Dithmenos.
   296 | D        | Found a sparkling altar of Nemelex Xobeh.
   296 | D        | Found a corrupted altar of Lugonu.
   296 | D        | Found an opulent altar of Gozag.
   296 | D        | Noticed a spatial vortex
   298 | D        | Killed a white draconian scorcher
   300 | D        | Killed a spatial vortex
   300 | D        | Reached XP level 8. HP: 39/39 MP: 9/9
   311 | D        | Noticed a two-headed ogre
   311 | D        | Noticed a two-headed ogre
   316 | D        | Noticed a two-headed ogre
   323 | D        | Killed a white draconian scorcher
   340 | D        | Mangled by a two-headed ogre

Action                   |  1- 3 |  4- 6 |  7- 9 || total
-------------------------+-------+-------+-------++-------
Melee: Dagger            |     7 |    10 |    11 ||    28
 Fire: Blowgun           |     4 |       |       ||     4
Invok: Burn Spellbooks   |       |       |     1 ||     1
Evoke: Wand              |       |       |     3 ||     3
  Use: Potion            |       |     3 |       ||     3
 Stab: Sleeping          |     4 |     3 |     7 ||    14
